[Event "FIDE WYCC Open U18 2023"]
[Site "Montesilvano"]
[Date "2023.11.17"]
[Round "5.22"]
[White "Ang, Ern Jie Anderson"]
[Black "Stepanencu, Nicodim-Cosmin"]
[Result "1/2-1/2"]
[ECO "D30"]
[WhiteElo "2103"]
[BlackElo "2289"]
[Annotator "RC"]
[PlyCount "64"]
[EventDate "2023.11.13"]
[EventType "swiss"]
[EventCountry "ITA"]
[SourceTitle "playchess.com"]
[Source "ChessBase"]
[SourceQuality "1"]
[TimeControl "40/5400+30:1800+30"]

1. d4 Nf6 2. c4 e6 3. g3 d5 4. Bg2 Be7 5. Nf3 O-O 6. O-O c6 7. Qc2 dxc4 8. Qxc4 b5 9. Qc2 Bb7 10. Rd1 Nbd7 11. Ne5 Nxe5 12. dxe5 Nd5 13. Nc3 Qb8 14. Nxd5 cxd5 15. e4 Rc8 16. Qe2 dxe4 17. Bxe4 Bxe4 18. Qxe4 Rc4 19. Qf3 Qe8 20. Be3 Rc7 21. Rac1 Rac8 22. Kg2 h6 23. h4 a6 24. Rxc7 Rxc7 25. Rc1 Rxc1 26. Bxc1 Bc5 27. Be3 Bxe3 28. Qxe3 Qc6+ 29. Qf3 Qc2 30. h5 Qxb2 31. Qa8+ Kh7 32. Qe4+ Kg8 1/2-1/2

[Event "FIDE WYCC Open U18 2023"]
[Site "Montesilvano"]
[Date "2023.11.17"]
[Round "5.23"]
[White "Chen, Hongsen"]
[Black "Kasipour Azbari, Seyed Arvin"]
[Result "1-0"]
[ECO "A12"]
[WhiteElo "2061"]
[BlackElo "2261"]
[Annotator "ChessBase"]
[PlyCount "71"]
[EventDate "2023.11.13"]
[EventType "swiss"]
[EventCountry "ITA"]
[SourceTitle "playchess.com"]
[Source "ChessBase"]
[SourceQuality "1"]
[TimeControl "40/5400+30:1800+30"]

1. b3 d5 2. Bb2 Nf6 3. Nf3 h6 4. c4 c6 5. d3 Bf5 6. Nbd2 e6 7. g3 Be7 8. Bg2 O-O 9. O-O Nbd7 10. Re1 Bh7 11. Qc1 b5 12. a3 bxc4 13. bxc4 Rb8 14. Ne5 Nxe5 15. Bxe5 Bd6 16. Bxd6 Qxd6 17. Qc3 Nd7 18. Qa5 Qc5 19. Qc7 Rb2 20. Nf3 Bxd3 21. Qxd7 Bxe2 22. Ne5 Bxc4 23. Re3 d4 24. Nd3 Bxd3 25. Rxd3 e5 26. Qxc6 Qxc6 27. Bxc6 Rc8 28. Bd5 Rc5 29. Rb3 Re2 30. Rb8+ Kh7 31. Bxf7 Rcc2 32. Bd5 d3 33. Rd1 Rxf2 34. Be4+ g6 35. Rb7+ Kg8 36. Rxd3 1-0

[Event "FIDE WYCC Open U18 2023"]
[Site "Montesilvano"]
[Date "2023.11.17"]
[Round "5.24"]
[White "Loftgaard, Mikkel Vinh"]
[Black "Arun Kataria"]
[Result "1-0"]
[ECO "B22"]
[WhiteElo "2225"]
[BlackElo "2034"]
[Annotator "RC"]
[PlyCount "49"]
[EventDate "2023.11.13"]
[EventType "swiss"]
[EventCountry "ITA"]
[SourceTitle "playchess.com"]
[Source "ChessBase"]
[SourceQuality "1"]
[TimeControl "40/5400+30:1800+30"]

1. e4 c5 2. c3 Nf6 3. e5 Nd5 4. d4 cxd4 5. Nf3 d6 6. cxd4 Nc6 7. Bc4 dxe5 8. dxe5 Nb6 9. Qxd8+ Nxd8 10. Bb3 Be6 11. Nc3 a6 12. O-O g6 13. Nd4 Bc4 14. Rd1 Bg7 15. f4 Rc8 16. Be3 Nd7 17. Rac1 Bxb3 18. axb3 f6 19. Nd5 Rxc1 20. Bxc1 fxe5 21. Nc7+ Kf7 22. Nf3 Ne6 23. Rxd7 Rc8 24. Ng5+ Nxg5 25. fxg5 1-0

[Event "FIDE WYCC Open U18 2023"]
[Site "Montesilvano"]
[Date "2023.11.17"]
[Round "5.25"]
[White "Prraneeth Vuppala"]
[Black "Bermudez Ureba, Juan Diego"]
[Result "1-0"]
[ECO "E11"]
[WhiteElo "2512"]
[BlackElo "2186"]
[Annotator "RC"]
[PlyCount "81"]
[EventDate "2023.11.13"]
[EventType "swiss"]
[EventCountry "ITA"]
[SourceTitle "playchess.com"]
[Source "ChessBase"]
[SourceQuality "1"]
[TimeControl "40/5400+30:1800+30"]

1. d4 Nf6 2. c4 e6 3. Nf3 b6 4. g3 Bb4+ 5. Bd2 Be7 6. Nc3 d5 7. Bg2 c6 8. O-O O-O 9. Qb3 a5 10. Rac1 Ba6 11. cxd5 exd5 12. Ne5 Ra7 13. Rfe1 Nfd7 14. Nxd7 Rxd7 15. Bh3 f5 16. Qc2 g6 17. Bf4 c5 18. Bg2 Nc6 19. dxc5 bxc5 20. Rcd1 Nb4 21. Qd2 g5 22. Be5 d4 23. a3 Nd5 24. Nxd5 Rxd5 25. Bc7 Qd7 26. Qxa5 Bb7 27. Qa7 Bc6 28. b4 Ra8 29. Qb6 Rc8 30. Bb8 cxb4 31. Bxd5+ Qxd5 32. e4 fxe4 33. Rxd4 Qf5 34. Rc4 Bd8 35. Qd4 Bf6 36. Qd6 e3 37. fxe3 Qf3 38. e4 Rd8 39. Qe6+ Kg7 40. Be5 Rd2 41. Qxf6+ 1-0

[Event "FIDE WYCC Open U18 2023"]
[Site "Montesilvano"]
[Date "2023.11.17"]
[Round "5.26"]
[White "Davtyan, Arsen"]
[Black "Nied, Pascal"]
[Result "1-0"]
[ECO "D43"]
[WhiteElo "2406"]
[BlackElo "2172"]
[Annotator "RC"]
[PlyCount "67"]
[EventDate "2023.11.13"]
[EventType "swiss"]
[EventCountry "ITA"]
[SourceTitle "playchess.com"]
[Source "ChessBase"]
[SourceQuality "1"]
[TimeControl "40/5400+30:1800+30"]

1. d4 d5 2. c4 e6 3. Nf3 Nf6 4. Nc3 c6 5. Qd3 dxc4 6. Qxc4 b5 7. Qd3 a6 8. Bg5 c5 9. O-O-O Bb7 10. d5 b4 11. Ne4 Bxd5 12. Nxf6+ gxf6 13. e4 fxg5 14. exd5 Qxd5 15. Qxd5 exd5 16. Rxd5 f6 17. Bc4 Nd7 18. Re1+ Be7 19. Bb3 Nb6 20. Rd6 Rb8 21. Rxf6 c4 22. Bc2 Kd8 23. Rfe6 Nc8 24. Ne5 Kc7 25. Nxc4 Bd8 26. Rxa6 Rf8 27. Be4 Rf6 28. Ra5 Be7 29. f3 h6 30. Rd1 Nd6 31. Ra7+ Kd8 32. Ne5 Ke8 33. Bc6+ Kf8 34. Nd7+ 1-0

[Event "FIDE WYCC Open U18 2023"]
[Site "Montesilvano"]
[Date "2023.11.17"]
[Round "5.27"]
[White "Colbow, Collin"]
[Black "Brnusak, Tomas"]
[Result "1-0"]
[ECO "C55"]
[WhiteElo "2403"]
[BlackElo "2171"]
[Annotator "RC"]
[PlyCount "59"]
[EventDate "2023.11.13"]
[EventType "swiss"]
[EventCountry "ITA"]
[SourceTitle "playchess.com"]
[Source "ChessBase"]
[SourceQuality "1"]
[TimeControl "40/5400+30:1800+30"]

1. e4 e5 2. Nf3 Nc6 3. Bc4 Nf6 4. d3 h6 5. O-O d6 6. c3 g5 7. Bb3 Bg7 8. Bc2 O-O 9. d4 g4 10. Ne1 d5 11. f4 exf4 12. e5 Nh5 13. Bxf4 Nxf4 14. Rxf4 Qg5 15. Qd3 f5 16. exf6 Rxf6 17. Rxf6 Qxf6 18. Na3 Ne7 19. Qg3 c6 20. Nd3 Bf5 21. Rf1 Rf8 22. Nc5 Qg6 23. Nd7 Rf7 24. Qb8+ Kh7 25. Qe8 b6 26. Bd3 h5 27. Nc2 Nc8 28. Qxf7 Qxf7 29. Rxf5 Qxf5 30. Bxf5+ 1-0

[Event "FIDE WYCC Open U18 2023"]
[Site "Montesilvano"]
[Date "2023.11.17"]
[Round "5.28"]
[White "Pegno, Mattia"]
[Black "Domalchuk-Jonasson, Aleksandr"]
[Result "0-1"]
[ECO "D02"]
[WhiteElo "2155"]
[BlackElo "2403"]
[Annotator "RC"]
[PlyCount "86"]
[EventDate "2023.11.13"]
[EventType "swiss"]
[EventCountry "ITA"]
[SourceTitle "playchess.com"]
[Source "ChessBase"]
[SourceQuality "1"]
[TimeControl "40/5400+30:1800+30"]

1. d4 d5 2. Nf3 e6 3. Bf4 Bd6 4. Bxd6 Qxd6 5. c4 dxc4 6. e4 b5 7. a4 c6 8. Nc3 Qb4 9. Qc2 Bb7 10. Be2 Nd7 11. O-O Ne7 12. e5 a6 13. Ne4 Nc8 14. Rfb1 Qe7 15. b3 cxb3 16. Rxb3 h6 17. Rc1 O-O 18. h4 Rd8 19. a5 Ra7 20. g4 c5 21. g5 cxd4 22. gxh6 gxh6 23. Kh2 f5 24. exf6 Nxf6 25. Rg1+ Kh8 26. Bd3 Rg8 27. Rxg8+ Kxg8 28. Qe2 Nd6 29. Ng3 e5 30. Nd2 e4 31. Bb1 Bd5 32. Rb2 Rc7 33. Ba2 Bxa2 34. Rxa2 Rc1 35. Nb3 Rc4 36. Ra1 d3 37. Qd2 Rc2 38. Rg1 Ng4+ 39. Kh3 Rxd2 40. Nxd2 Nxf2+ 41. Kg2 e3 42. Kf1 exd2 43. Nf5+ Kf8 0-1

[Event "FIDE WYCC Open U18 2023"]
[Site "Montesilvano"]
[Date "2023.11.17"]
[Round "5.29"]
[White "Novosel, Lovro"]
[Black "Prisacaru, Stefan-Emilian"]
[Result "1/2-1/2"]
[ECO "D52"]
[WhiteElo "2375"]
[BlackElo "2148"]
[Annotator "RC"]
[PlyCount "119"]
[EventDate "2023.11.13"]
[EventType "swiss"]
[EventCountry "ITA"]
[SourceTitle "playchess.com"]
[Source "ChessBase"]
[SourceQuality "1"]
[TimeControl "40/5400+30:1800+30"]

1. d4 d5 2. c4 c6 3. Nf3 Nf6 4. Nc3 e6 5. Bg5 Nbd7 6. e3 Qa5 7. cxd5 Nxd5 8. Qd2 Bb4 9. Rc1 Nxc3 10. bxc3 Ba3 11. Rb1 b6 12. Bd3 Ba6 13. O-O Bxd3 14. Qxd3 O-O 15. c4 Rfe8 16. c5 e5 17. Nd2 exd4 18. exd4 bxc5 19. Qg3 Bb4 20. Nb3 Qxa2 21. Bh6 g6 22. dxc5 Nxc5 23. Qf4 a5 24. Qd4 Ne6 25. Qc4 a4 26. Qxb4 Rab8 27. Qc4 axb3 28. Qxc6 Qc2 29. Qa4 Rec8 30. Rfc1 Qf5 31. Qxb3 Qxb1 32. Qxb1 Rxb1 33. Rxb1 Nd8 34. g4 f6 35. Rb6 Nf7 36. Be3 Ne5 37. h3 Rc6 38. Rb7 Nf7 39. Kg2 g5 40. Kf3 Re6 41. Kg3 Kg7 42. h4 gxh4+ 43. Kxh4 Re4 44. Kg3 Kg6 45. Rb6 h6 46. Bc1 Re1 47. Bb2 Ne5 48. f3 Re3 49. Bd4 Rxf3+ 50. Kg2 Nc4 51. Rc6 Nd2 52. Bc3 Rd3 53. Bxf6 Ne4 54. Be7+ Kf7 55. Bh4 Rd6 56. Rc7+ Kg6 57. Re7 Nf6 58. Kf3 Rd3+ 59. Ke2 Rh3 60. Bxf6 1/2-1/2

[Event "FIDE WYCC Open U18 2023"]
[Site "Montesilvano"]
[Date "2023.11.17"]
[Round "5.30"]
[White "Manish Anto Cristiano F"]
[Black "Qalichava, Akaki"]
[Result "1/2-1/2"]
[ECO "E04"]
[WhiteElo "2366"]
[BlackElo "2141"]
[Annotator "RC"]
[PlyCount "78"]
[EventDate "2023.11.13"]
[EventType "swiss"]
[EventCountry "ITA"]
[SourceTitle "playchess.com"]
[Source "ChessBase"]
[SourceQuality "1"]
[TimeControl "40/5400+30:1800+30"]

1. d4 Nf6 2. c4 e6 3. g3 d5 4. Bg2 dxc4 5. Nf3 Bb4+ 6. Bd2 c5 7. Bxb4 cxb4 8. Ne5 O-O 9. Nxc4 Nc6 10. e3 e5 11. d5 b5 12. dxc6 Qxd1+ 13. Kxd1 bxc4 14. a3 Rb8 15. axb4 Rxb4 16. Kc1 a6 17. Rd1 Rb6 18. Nc3 e4 19. Nxe4 Rxc6 20. Nd6 Rb6 21. Nxc4 Rb4 22. Nd6 Ng4 23. Rd2 Nxh2 24. Nxc8 Rxc8+ 25. Kb1 Rb6 26. Ra4 g5 27. Bd5 Kg7 28. b3 Rd8 29. Kc2 Nf1 30. Rd1 Rf6 31. Rxf1 Rxd5 32. f4 Rc6+ 33. Rc4 Rcd6 34. fxg5 Rxg5 35. Rc7 Rf6 36. Rxf6 Kxf6 37. Rc6+ Kf5 38. Rxa6 Rxg3 39. Rh6 Ke5 1/2-1/2

[Event "FIDE WYCC Open U18 2023"]
[Site "Montesilvano"]
[Date "2023.11.17"]
[Round "5.31"]
[White "Melian, Juan Sebastian"]
[Black "Ciszewski, Krzysztof"]
[Result "1-0"]
[ECO "A28"]
[WhiteElo "2291"]
[BlackElo "2120"]
[Annotator "RC"]
[PlyCount "95"]
[EventDate "2023.11.13"]
[EventType "swiss"]
[EventCountry "ITA"]
[SourceTitle "playchess.com"]
[Source "ChessBase"]
[SourceQuality "1"]
[TimeControl "40/5400+30:1800+30"]

1. c4 e5 2. Nc3 Nf6 3. Nf3 Nc6 4. e3 d5 5. cxd5 Nxd5 6. Bb5 Nxc3 7. bxc3 e4 8. Nd4 Bd7 9. O-O Bd6 10. Qa4 O-O 11. Nxc6 bxc6 12. Bxc6 Bxc6 13. Qxc6 Qh4 14. g3 Qe7 15. Rb1 Rab8 16. Bb2 Rb6 17. Qa4 Bc5 18. Ba1 Rd6 19. Rbd1 Rfd8 20. c4 Rxd2 21. Rxd2 Rxd2 22. Rd1 Qd8 23. Rxd2 Qxd2 24. Bd4 Bf8 25. Bxa7 h5 26. h4 Kh7 27. Kg2 Qe2 28. c5 f5 29. Qd7 Qf3+ 30. Kg1 Bd6 31. cxd6 Qd1+ 32. Kg2 Qf3+ 33. Kg1 Qd1+ 34. Kh2 Qf3 35. Qb5 Qxf2+ 36. Kh3 cxd6 37. Bd4 Qf3 38. Kh2 Qf2+ 39. Kh3 Qf3 40. Qb2 Qh1+ 41. Qh2 Qd1 42. Qg2 d5 43. Kh2 Qe1 44. Qc2 Qf1 45. Qb2 Qe1 46. Bxg7 Qxe3 47. Bd4 Qh6 48. Qb7+ 1-0

[Event "FIDE WYCC Open U18 2023"]
[Site "Montesilvano"]
[Date "2023.11.17"]
[Round "5.32"]
[White "Kristoferitsch, Daniel"]
[Black "Miazhynski, Michael"]
[Result "*"]
[ECO "E17"]
[WhiteElo "2270"]
[BlackElo "2109"]
[Annotator "ChessBase"]
[PlyCount "86"]
[EventDate "2023.11.13"]
[EventType "swiss"]
[EventCountry "ITA"]
[SourceTitle "playchess.com"]
[Source "ChessBase"]
[SourceQuality "1"]
[TimeControl "40/5400+30:1800+30"]

1. Nf3 Nf6 2. c4 c5 3. Nc3 e6 4. g3 b6 5. Bg2 Bb7 6. O-O Be7 7. Re1 d5 8. cxd5 exd5 9. d4 O-O 10. b3 Ne4 11. Bb2 Bf6 12. Rc1 Re8 13. dxc5 bxc5 14. Nd2 Nxc3 15. Bxc3 Bxc3 16. Rxc3 Nd7 17. Nb1 Qg5 18. Rd3 Nb6 19. Nc3 Rad8 20. Qc2 Bc8 21. h4 Qg6 22. Nxd5 Rxd5 23. Bxd5 Nxd5 24. Qd2 Bb7 25. Rxd5 Qe4 26. Rd1 Bxd5 27. Qxd5 Qxe2 28. Rd2 Qe7 29. Kg2 h6 30. Rc2 Rd8 31. Qxc5 Qe4+ 32. f3 Qe1 33. Qxa7 g6 34. Qf2 Qa5 35. Qe3 Qb4 36. Re2 h5 37. Qe4 Qa3 38. Qc2 Qa5 39. Kh2 Qa8 40. Kg2 Qa5 41. Qb2 Kh7 42. b4 Qb5 43. Re5 Qc4 *

[Event "FIDE WYCC Open U18 2023"]
[Site "Montesilvano"]
[Date "2023.11.18"]
[Round "6.1"]
[White "Dzida, Kamil"]
[Black "Ansat, Aldiyar"]
[Result "*"]
[ECO "B33"]
[WhiteElo "2399"]
[BlackElo "2418"]
[Annotator "RC"]
[PlyCount "65"]
[EventDate "2023.11.13"]
[EventType "swiss"]
[EventCountry "ITA"]
[SourceTitle "playchess.com"]
[Source "ChessBase"]
[SourceQuality "1"]
[TimeControl "40/5400+30:1800+30"]

1. e4 c5 2. Nf3 e6 3. d4 cxd4 4. Nxd4 Nf6 5. Nc3 Nc6 6. Ndb5 d6 7. Bf4 e5 8. Bg5 a6 9. Na3 b5 10. Nd5 Be7 11. Bxf6 Bxf6 12. c3 Bg5 13. Nc2 Rb8 14. a4 bxa4 15. Ncb4 Nxb4 16. cxb4 O-O 17. Rxa4 a5 18. b5 Bd7 19. h4 Bh6 20. Qb3 Kh8 21. Bd3 f5 22. exf5 e4 23. Rxe4 Bxf5 24. Re2 a4 25. Qa3 Bg4 26. Re4 Bf5 27. Re2 Qa5+ 28. Qb4 Qa8 29. Qd4 Bxd3 30. Qxd3 Rbe8 31. g3 Rxe2+ 32. Kxe2 Qe8+ 33. Kf1 *

[Event "FIDE WYCC Open U18 2023"]
[Site "Montesilvano"]
[Date "2023.11.18"]
[Round "6.2"]
[White "Murzin, Volodar"]
[Black "Bacojo, Mark Jay"]
[Result "*"]
[ECO "C55"]
[WhiteElo "2625"]
[BlackElo "2335"]
[Annotator "TA"]
[PlyCount "61"]
[EventDate "2023.11.13"]
[EventType "swiss"]
[EventCountry "ITA"]
[SourceTitle "playchess.com"]
[Source "ChessBase"]
[SourceQuality "1"]
[TimeControl "40/5400+30:1800+30"]

1. e4 e5 2. Nf3 Nc6 3. Bc4 Be7 4. O-O Nf6 5. d3 O-O 6. Nbd2 d5 {C55: Two Knights: 4 d3, 4 d4 exd4 5 e5 and Max Lange Attack.} 7. exd5 Nxd5 8. Re1 Bg4 {The position is equal.} 9. h3 Bh5 10. Nf1 (10. g4 $5 Bg6 11. Nxe5 $11) 10... Nb6 11. Bb3 a5 {...a4 would be deadly.} 12. c3 {[#]} Bg6 $146 ({Predecessor:} 12... a4 13. Bc2 Qd5 14. Ne3 Qe6 15. Nf1 Qf6 16. g4 Bg6 17. Bg5 Qe6 18. Bxe7 Qxe7 {½-½ Martin,S (1854)-Schleef,H (2100) OP-2021-0-05173}) 13. Bc2 Qd6 14. Ng3 Rad8 15. Ne4 Qd7 16. Be3 Nd5 17. Ba4 Bxe4 18. dxe4 Nxe3 19. Qxd7 Rxd7 20. Bxc6 bxc6 21. Rxe3 (21. Nxe5 $5 Rd2 22. Rxe3 $11 (22. fxe3 Rxb2 23. Nxc6 Bh4 $11)) 21... f6 22. a4 Kf7 23. Kf1 Ke6 24. Re2 Rb8 25. Rc2 Rbd8 26. Ke2 {Prevents Rd1.} Bc5 27. Rf1 g6 28. Rd2 Rxd2+ 29. Nxd2 h5 30. Nc4 Bb6 31. g3 {Weighted Error Value: White=0.06 (flawless) /Black=0.08 (flawless)} *

[Event "FIDE WYCC Open U18 2023"]
[Site "Montesilvano"]
[Date "2023.11.18"]
[Round "6.3"]
[White "Popov, Konstantin"]
[Black "Ohanyan, Emin"]
[Result "*"]
[ECO "C82"]
[WhiteElo "2345"]
[BlackElo "2466"]
[Annotator "RC"]
[PlyCount "53"]
[EventDate "2023.11.13"]
[EventType "swiss"]
[EventCountry "ITA"]
[SourceTitle "playchess.com"]
[Source "ChessBase"]
[SourceQuality "1"]
[TimeControl "40/5400+30:1800+30"]

1. e4 e5 2. Nf3 Nc6 3. Bb5 a6 4. Ba4 Nf6 5. O-O Nxe4 6. d4 b5 7. Bb3 d5 8. dxe5 Be6 9. c3 Bc5 10. Nbd2 O-O 11. Bc2 Nxf2 12. Rxf2 f6 13. Nf1 Bxf2+ 14. Kxf2 fxe5 15. Kg1 Qd7 16. Be3 e4 17. Nd4 Bg4 18. Qe1 Ne5 19. Qg3 Nd3 20. h3 Bh5 21. b4 a5 22. Qg5 Bg6 23. Bb3 Rfd8 24. h4 Ra6 25. Nxb5 Rf6 26. h5 Rf5 27. Qg3 *

[Event "FIDE WYCC Open U18 2023"]
[Site "Montesilvano"]
[Date "2023.11.18"]
[Round "6.4"]
[White "Cesar Maestre, Bernardo"]
[Black "Galaviz Medina, Sion Radamantys"]
[Result "*"]
[ECO "B51"]
[WhiteElo "2373"]
[BlackElo "2461"]
[Annotator "RC"]
[PlyCount "54"]
[EventDate "2023.11.13"]
[EventType "swiss"]
[EventCountry "ITA"]
[SourceTitle "playchess.com"]
[Source "ChessBase"]
[SourceQuality "1"]
[TimeControl "40/5400+30:1800+30"]

1. e4 c5 2. Nf3 d6 3. Bb5+ Nd7 4. Ba4 Ngf6 5. O-O a6 6. c4 g6 7. Nc3 Bg7 8. d3 O-O 9. Bxd7 Bxd7 10. h3 Bc6 11. a4 Nd7 12. Re1 e5 13. Nd5 h6 14. a5 f5 15. b4 Bxd5 16. cxd5 Rc8 17. bxc5 Nxc5 18. Be3 fxe4 19. dxe4 Rf7 20. Qb1 Rcc7 21. Nd2 Qh4 22. f3 Bf8 23. Bf2 Qg5 24. Be3 Qh4 25. Bf2 Qg5 26. Be3 Qh4 27. Bf2 Qg5 *

[Event "FIDE WYCC Open U18 2023"]
[Site "Montesilvano"]
[Date "2023.11.18"]
[Round "6.5"]
[White "Arfan, Aditya Bagus"]
[Black "Wong, Zhenyong Jayden"]
[Result "1/2-1/2"]
[ECO "B49"]
[WhiteElo "2415"]
[BlackElo "2356"]
[Annotator "RC"]
[PlyCount "110"]
[EventDate "2023.11.13"]
[EventType "swiss"]
[EventCountry "ITA"]
[SourceTitle "playchess.com"]
[Source "ChessBase"]
[SourceQuality "1"]
[TimeControl "40/5400+30:1800+30"]

1. e4 c5 2. Nf3 e6 3. d4 cxd4 4. Nxd4 Nc6 5. Nc3 Qc7 6. f4 a6 7. Nxc6 Qxc6 8. Be2 b5 9. Bf3 Bb7 10. Be3 Rc8 11. a3 Qc7 12. Qd4 Ne7 13. O-O-O b4 14. axb4 Nc6 15. Qb6 Nxb4 16. Qxc7 Rxc7 17. Bb6 Rc4 18. Rd4 Rxd4 19. Bxd4 f6 20. Rd1 Be7 21. Na4 d5 22. Re1 Kf7 23. exd5 Bxd5 24. Bxd5 Nxd5 25. g3 h5 26. Nc5 Bxc5 27. Bxc5 h4 28. b4 hxg3 29. hxg3 Rb8 30. Re4 Nc3 31. Rc4 Ne2+ 32. Kb2 Nxg3 33. Ka3 Rc8 34. Kb3 Kg6 35. Be3 Rxc4 36. Kxc4 Kf5 37. Kc5 Ke4 38. Bd2 Nf1 39. Bc1 Ne3 40. Bxe3 Kxe3 41. c4 g5 42. fxg5 fxg5 43. Kb6 g4 44. c5 g3 45. c6 g2 46. c7 g1=Q 47. c8=Q Kd3+ 48. Kxa6 Qa1+ 49. Kb5 e5 50. Qc4+ Kd2 51. Qd5+ Qd4 52. Kc6 Qxd5+ 53. Kxd5 Kd3 54. Kxe5 Kc4 55. Ke4 Kxb4 1/2-1/2

[Event "FIDE WYCC Open U18 2023"]
[Site "Montesilvano"]
[Date "2023.11.18"]
[Round "6.6"]
[White "Bicer, Atakan Mert"]
[Black "Lamaze, Simon"]
[Result "*"]
[ECO "B67"]
[WhiteElo "2318"]
[BlackElo "2415"]
[Annotator "RC"]
[PlyCount "51"]
[EventDate "2023.11.13"]
[EventType "swiss"]
[EventCountry "ITA"]
[SourceTitle "playchess.com"]
[Source "ChessBase"]
[SourceQuality "1"]
[TimeControl "40/5400+30:1800+30"]

1. e4 c5 2. Nf3 d6 3. d4 cxd4 4. Nxd4 Nf6 5. Nc3 Nc6 6. Bg5 e6 7. Qd2 a6 8. O-O-O Bd7 9. f4 b5 10. a3 Be7 11. Nf3 h6 12. Bxf6 gxf6 13. f5 Qa5 14. Nd4 Nxd4 15. Qxd4 Rb8 16. Na2 Qb6 17. Qd2 a5 18. h4 Bc6 19. Rh3 Ra8 20. Rg3 h5 21. Kb1 Bd7 22. Be2 Qc5 23. Nc1 Qe5 24. Rb3 Bf8 25. Nd3 Qd4 26. Qe1 *

[Event "FIDE WYCC Open U18 2023"]
[Site "Montesilvano"]
[Date "2023.11.18"]
[Round "6.7"]
[White "Amilal Munkhdalai"]
[Black "Eidelman, Gabriel"]
[Result "0-1"]
[ECO "C79"]
[WhiteElo "2404"]
[BlackElo "2284"]
[Annotator "RC"]
[PlyCount "118"]
[EventDate "2023.11.13"]
[EventType "swiss"]
[EventCountry "ITA"]
[SourceTitle "playchess.com"]
[Source "ChessBase"]
[SourceQuality "1"]
[TimeControl "40/5400+30:1800+30"]

1. e4 e5 2. Nf3 Nc6 3. Bb5 a6 4. Ba4 Nf6 5. O-O d6 6. Re1 Bd7 7. c3 g6 8. d4 Bg7 9. Nbd2 O-O 10. Nf1 exd4 11. cxd4 b5 12. Bc2 Bg4 13. Be3 Nh5 14. Bb3 Bxf3 15. gxf3 Na5 16. Ng3 Qh4 17. Rc1 Rac8 18. Bd5 Nf4 19. Qd2 Nxd5 20. Qxa5 Nf4 21. Qd2 Nh3+ 22. Kh1 c5 23. dxc5 dxc5 24. Rxc5 Rxc5 25. Bxc5 Rd8 26. Qe2 Nf4 27. Qc2 Nd3 28. Rd1 Nxb2 29. Rxd8+ Qxd8 30. Be3 Qd1+ 31. Qxd1 Nxd1 32. Ne2 b4 33. Bb6 Nb2 34. Kg2 Nc4 35. Bc5 a5 36. f4 Bf8 37. Bxf8 Kxf8 38. Kf3 Ke7 39. e5 f6 40. Ke4 a4 41. Kd4 Nd2 42. Kd3 b3 43. axb3 Nxb3 44. Kc4 Nd2+ 45. Kb4 Nf3 46. Kxa4 fxe5 47. fxe5 Ke6 48. h3 Kxe5 49. Kb4 Nd4 50. Ng1 Ke4 51. Kc5 g5 52. Kd6 h5 53. Ke7 h4 54. Kf6 Kf4 55. Kg6 g4 56. Kh5 g3 57. fxg3+ hxg3 58. Kg6 g2 59. Kf6 Nf3 0-1

[Event "FIDE WYCC Open U18 2023"]
[Site "Montesilvano"]
[Date "2023.11.18"]
[Round "6.8"]
[White "Nguyen, Quoc Hy"]
[Black "Sahakyan, Aleks"]
[Result "1-0"]
[ECO "D38"]
[WhiteElo "2392"]
[BlackElo "2303"]
[Annotator "RC"]
[PlyCount "65"]
[EventDate "2023.11.13"]
[EventType "swiss"]
[EventCountry "ITA"]
[SourceTitle "playchess.com"]
[Source "ChessBase"]
[SourceQuality "1"]
[TimeControl "40/5400+30:1800+30"]

1. c4 e6 2. Nc3 d5 3. d4 Nf6 4. cxd5 exd5 5. Bg5 Bb4 6. e3 h6 7. Bxf6 Qxf6 8. Qb3 Qd6 9. Nf3 O-O 10. Bd3 Nd7 11. O-O c6 12. a3 Ba5 13. Rac1 Nf6 14. Ne5 Ng4 15. Nf3 Bc7 16. g3 Re8 17. Qc2 a6 18. Bh7+ Kh8 19. Bf5 Qf6 20. Bxc8 Raxc8 21. Qe2 Qf5 22. b4 Bd6 23. Rc2 Re7 24. Nh4 Qe6 25. Qf3 g6 26. Na4 h5 27. Nc5 Qf6 28. h3 Qxf3 29. Nxf3 Nf6 30. Rb1 Nd7 31. Nxb7 Bb8 32. Na5 Re6 33. Rbc1 1-0

[Event "FIDE WYCC Open U18 2023"]
[Site "Montesilvano"]
[Date "2023.11.18"]
[Round "6.9"]
[White "Bai, Adelard"]
[Black "Loftgaard, Mikkel Vinh"]
[Result "*"]
[ECO "E08"]
[WhiteElo "2384"]
[BlackElo "2225"]
[Annotator "RC"]
[PlyCount "56"]
[EventDate "2023.11.13"]
[EventType "swiss"]
[EventCountry "ITA"]
[SourceTitle "playchess.com"]
[Source "ChessBase"]
[SourceQuality "1"]
[TimeControl "40/5400+30:1800+30"]

1. d4 Nf6 2. c4 e6 3. Nf3 d5 4. g3 Bb4+ 5. Bd2 Be7 6. Bg2 O-O 7. Qc2 c6 8. O-O Ne4 9. Bf4 Nd7 10. Nc3 f5 11. Rad1 g5 12. Bc1 Bf6 13. Ne1 Nxc3 14. Qxc3 b5 15. cxb5 cxb5 16. Nf3 g4 17. Ne5 Nxe5 18. dxe5 Bg7 19. e4 fxe4 20. Bxe4 Qe7 21. Bb1 Qf7 22. Be3 Bb7 23. Bd4 Qf3 24. Qc2 Qf5 25. Qxf5 exf5 26. Rc1 Rac8 27. Rxc8 Bxc8 28. Rc1 Be6 *

[Event "FIDE WYCC Open U18 2023"]
[Site "Montesilvano"]
[Date "2023.11.18"]
[Round "6.10"]
[White "Hommadov, Amanmuhammet"]
[Black "Olsson, William"]
[Result "*"]
[ECO "C81"]
[WhiteElo "2055"]
[BlackElo "2372"]
[Annotator "ChessBase"]
[PlyCount "62"]
[EventDate "2023.11.13"]
[EventType "swiss"]
[EventCountry "ITA"]
[SourceTitle "playchess.com"]
[Source "ChessBase"]
[SourceQuality "1"]
[TimeControl "40/5400+30:1800+30"]

1. e4 e5 2. Nf3 Nc6 3. Bb5 a6 4. Ba4 Nf6 5. O-O Nxe4 6. d4 b5 7. Bb3 d5 8. dxe5 Be6 9. Qe2 Nc5 10. Rd1 Nxb3 11. cxb3 Qd7 12. Nc3 Be7 13. Be3 O-O 14. Rd2 Nd8 15. Rad1 c6 16. h3 Nb7 17. Bb6 Rfe8 18. Qe3 Rac8 19. Qf4 b4 20. Na4 c5 21. Rc1 Rc6 22. Kh2 h6 23. Qe3 d4 24. Qe2 Bd5 25. Rdc2 Rec8 26. Ne1 Bg5 27. Rd1 Qe6 28. Qxa6 Qxe5+ 29. Kg1 Qb8 30. Qa7 Qxa7 31. Bxa7 Be4 *

[Event "FIDE WYCC Open U18 2023"]
[Site "Montesilvano"]
[Date "2023.11.18"]
[Round "6.12"]
[White "Ochedzan, Tymon"]
[Black "Czernek, Tymon"]
[Result "*"]
[ECO "B94"]
[WhiteElo "2190"]
[BlackElo "2329"]
[Annotator "RC"]
[PlyCount "61"]
[EventDate "2023.11.13"]
[EventType "swiss"]
[EventCountry "ITA"]
[SourceTitle "playchess.com"]
[Source "ChessBase"]
[SourceQuality "1"]
[TimeControl "40/5400+30:1800+30"]

1. e4 c5 2. Nf3 d6 3. d4 cxd4 4. Nxd4 Nf6 5. Nc3 a6 6. Bg5 Nbd7 7. Qf3 h6 8. Bd2 g6 9. O-O-O Bg7 10. h3 Qc7 11. g4 b5 12. g5 hxg5 13. Bxg5 Bb7 14. Bg2 Rh5 15. h4 Nh7 16. Qe2 Nxg5 17. hxg5 Rxh1 18. Bxh1 Qc5 19. Qe3 Rc8 20. a3 Nb6 21. Qd3 Qxg5+ 22. Kb1 Nc4 23. Nd5 Bxd5 24. exd5 Qh4 25. Qe4 Qxf2 26. Qg4 Rc7 27. Qe4 Bxd4 28. Qxd4 Nxa3+ 29. Ka2 Qxd4 30. Rxd4 Nxc2 31. Rd2 *